[Event "Titled Tuesday Blitz July 4 Late 2023"]
[White "Zhou, Qiyu"]
[Black "Subelj, Jan"]
[WhiteFideId "505161"]
[BlackFideId "14618583"]
[WhiteElo "2358"]
[BlackElo "2582"]
[Result "0-1"]
[Round "2"]
[TimeControl "180+2"]
[Date "2023.07.04"]
[WhiteClock "0:00:18"]
[BlackClock "0:00:24"]
[Board "125"]

1. e4 d6 2. d3 e5 3. g3 Nf6 4. Bg2 Be7 5. Ne2 O-O 6. O-O Bg4 7. h3 Bh5 8. g4 Bg6 9. f4 exf4 10. Nxf4 Nc6 11. Nc3 Nd7 12. Nxg6 hxg6 13. Bf4 Bg5 14. Qd2 Bxf4 15. Qxf4 g5 16. Qd2 Nde5 17. Rf2 Ng6 18. Ne2 Nh4 19. Raf1 Ne5 20. d4 Neg6 21. Ng3 f6 22. Nh5 Qe7 23. Bh1 Rae8 24. Qd3 c6 25. c3 Qe6 26. a3 b5 27. d5 cxd5 28. exd5 Qe3 29. Qxe3 Rxe3 30. Bg2 Rfe8 31. Kh2 Re2 32. Kg1 Rxf2 33. Kxf2 Ne5 34. Kg3 Nc4 35. Rf2 Re3+ 36. Kh2 Ne5 37. Ng3 Nd3 38. Rd2 Nf4 39. Bf1 Nf3+ 0-1


[Site "https://www.chess.com"]

[Event "Titled Tuesday Blitz July 4 Late 2023"]
[White "Palencia Morales, Wilson Guillermo"]
[Black "Silva, Pedro Gil Ferreira Da"]
[WhiteFideId "4401859"]
[BlackFideId "1946102"]
[WhiteElo "2567"]
[BlackElo "2357"]
[Result "0-1"]
[Round "2"]
[TimeControl "180+2"]
[Date "2023.07.04"]
[WhiteClock "0:00:00"]
[BlackClock "0:00:23"]
[Board "126"]

1. d4 Nf6 2. c4 e6 3. Nf3 Bb4+ 4. Nbd2 O-O 5. a3 Be7 6. e4 d6 7. e5 dxe5 8. dxe5 Nfd7 9. Qc2 Nc6 10. Qe4 Nc5 11. Qe3 a5 12. b3 b6 13. Bb2 Bb7 14. Be2 Qd7 15. O-O Rad8 16. Rfd1 Qc8 17. Nf1 Rxd1 18. Bxd1 Rd8 19. Bc2 Rd7 20. Ng3 Qd8 21. Nh5 Nd3 22. Bc3 Bc5 23. Qe4 Ne7 24. Qg4 Ng6 25. Rf1 Bxa3 26. h4 Bc5 27. Ng3 Bxf3 28. gxf3 Qxh4 29. Qxh4 Nxh4 30. Rd1 Nxf3+ 31. Kf1 Ndxe5 32. Bxe5 Nxe5 33. Rxd7 Nxd7 34. Ne4 f5 35. f3 fxe4 0-1


[Site "https://www.chess.com"]

[Event "Titled Tuesday Blitz July 4 Late 2023"]
[White "Bazilius, Augustinas"]
[Black "Yurovskykh, Oleksandr"]
[WhiteFideId "12832251"]
[BlackFideId "14134020"]
[WhiteElo "2355"]
[BlackElo "2566"]
[Result "0-1"]
[Round "2"]
[TimeControl "180+2"]
[Date "2023.07.04"]
[WhiteClock "0:00:05"]
[BlackClock "0:00:36"]
[Board "127"]

1. d4 d5 2. c4 e6 3. Nf3 Nf6 4. g3 Bb4+ 5. Bd2 Be7 6. Bg2 O-O 7. O-O c6 8. Qc2 Nbd7 9. Bf4 b6 10. Rd1 Bb7 11. Nc3 dxc4 12. Nd2 Nd5 13. Nxc4 Nxf4 14. gxf4 Qc7 15. e3 Rac8 16. Rac1 Qb8 17. a3 c5 18. d5 exd5 19. Nxd5 Bxd5 20. Bxd5 Nf6 21. Bf3 Rfd8 22. Ne5 Rxd1+ 23. Rxd1 Rd8 24. Nc6 Rxd1+ 25. Qxd1 Qc7 26. Nxe7+ Qxe7 27. e4 Qd7 28. Qxd7 Nxd7 29. Kf1 Kf8 30. Ke2 Ke7 31. Kd3 Kd6 32. Kc4 f6 33. Kb5 Kc7 34. Bg4 Nf8 35. e5 Ng6 36. e6 Ne7 37. Ka6 f5 38. Bf3 Kb8 39. Bg2 Nc8 40. Bc6 Ne7 41. Bd7 Nd5 42. Bc6 Nc7# 0-1


[Site "https://www.chess.com"]

[Event "Titled Tuesday Blitz July 4 Late 2023"]
[White "Todorovic, Bojan"]
[Black "Sebag, Marie"]
[WhiteFideId "917087"]
[BlackFideId "617822"]
[WhiteElo "2354"]
[BlackElo "2563"]
[Result "0-1"]
[Round "2"]
[TimeControl "180+2"]
[Date "2023.07.04"]
[WhiteClock "0:00:05"]
[BlackClock "0:00:19"]
[Board "128"]

1. d4 Nf6 2. c4 e6 3. Nf3 b6 4. g3 Ba6 5. b3 d5 6. Bg2 Bb4+ 7. Bd2 Be7 8. O-O O-O 9. Bc3 Nbd7 10. Nbd2 c5 11. dxc5 Nxc5 12. Ne5 Rc8 13. Rc1 Bb7 14. Ndf3 Nce4 15. Bb2 h6 16. cxd5 exd5 17. Nd4 Bc5 18. a3 Re8 19. Nd3 Bf8 20. Nf4 g6 21. Rxc8 Qxc8 22. Qc1 Qd8 23. Qc2 Bg7 24. Rc1 Ng4 25. Nd3 Qg5 26. Nf3 Qe7 27. Bxg7 Kxg7 28. Qc7 Qxa3 29. Qxb7 Ngxf2 30. Rc7 Qa1+ 31. Nfe1 Qf6 32. Nf4 Ng4 33. Ned3 Qd4+ 34. Kf1 Nxh2+ 35. Ke1 Qg1+ 0-1


[Site "https://www.chess.com"]

[Event "Titled Tuesday Blitz July 4 Late 2023"]
[White "Medeiros,Thauane Ferreira"]
[Black "reevecanada"]
[WhiteFideId "2134470"]
[WhiteElo "2354"]
[BlackElo "2560"]
[Result "0-1"]
[Round "2"]
[TimeControl "180+2"]
[Date "2023.07.04"]
[WhiteClock "0:00:00"]
[BlackClock "0:01:06"]
[Board "129"]

1. Nf3 d5 2. d4 Nd7 3. c3 f5 4. Bf4 Ngf6 5. e3 e6 6. Bd3 Bd6 7. Nbd2 O-O 8. O-O Ne4 9. c4 Ndf6 10. c5 Be7 11. Ne5 c6 12. f3 Nxd2 13. Qxd2 Nd7 14. b4 Bf6 15. Nxd7 Bxd7 16. Bd6 Re8 17. f4 Be7 18. Be5 Bf6 19. Bd6 a5 20. a3 b5 21. cxb6 Qxb6 22. Bc5 Qc7 23. bxa5 Rxa5 24. Rab1 Ra4 25. Rb3 Rea8 26. Rfb1 Bc8 27. Rb6 Be7 28. Bxe7 Qxe7 29. Rxc6 Rxa3 30. Rbc1 Bd7 31. Rc7 Qd6 32. Bf1 h6 33. R7c3 Ra2 34. R3c2 R2a7 35. Rc5 g5 36. Qf2 gxf4 37. exf4 Ra4 38. Qg3+ Kh7 39. Rc7 Rg8 40. Qe3 Rg7 41. g3 Qb6 42. R1c5 Qb2 43. Qe5 Qxd4+ 44. Qxd4 Rxd4 45. Bb5 Bxb5 46. Rxg7+ Kxg7 47. Rxb5 h5 48. Kg2 h4 49. Rb7+ Kg6 50. Kh3 Rd2 51. Rd7 Re2 52. gxh4 Re3+ 53. Kg2 Kh5 0-1


[Site "https://www.chess.com"]

[Event "Titled Tuesday Blitz July 4 Late 2023"]
[White "Siniauski, Artsiom"]
[Black "Seletsky, Grigory"]
[WhiteFideId "13512269"]
[BlackFideId "14112191"]
[WhiteElo "2549"]
[BlackElo "2352"]
[Result "1-0"]
[Round "2"]
[TimeControl "180+2"]
[Date "2023.07.04"]
[WhiteClock "0:00:19"]
[BlackClock "0:00:46"]
[Board "130"]

1. e4 c5 2. Nf3 d6 3. c3 Nf6 4. Be2 Nc6 5. d4 cxd4 6. cxd4 Nxe4 7. d5 Qa5+ 8. Nc3 Nxc3 9. bxc3 Nd8 10. O-O e5 11. dxe6 Nxe6 12. Rb1 a6 13. Be3 Nc5 14. Re1 Be7 15. Bc4 Qc7 16. Bxc5 dxc5 17. Qe2 b5 18. Bd5 Ra7 19. a4 bxa4 20. Qc4 O-O 21. Ne5 g6 22. Nc6 Bd6 23. Nxa7 Qxa7 24. Qxa4 Bf5 25. Rb7 Qa8 26. Qb3 Qd8 27. Bxf7+ Kh8 28. g3 Qf6 29. Qd5 Be6 30. Qxe6 1-0


[Site "https://www.chess.com"]

[Event "Titled Tuesday Blitz July 4 Late 2023"]
[White "Ambartsumova, Karina"]
[Black "Wartiovaara, Oliver"]
[WhiteFideId "4166299"]
[BlackFideId "513024"]
[WhiteElo "2548"]
[BlackElo "2351"]
[Result "1-0"]
[Round "2"]
[TimeControl "180+2"]
[Date "2023.07.04"]
[WhiteClock "0:00:55"]
[BlackClock "0:02:17"]
[Board "131"]

1. e4 e6 2. d4 d5 3. Nc3 Bb4 4. Ne2 dxe4 5. a3 Be7 6. Nxe4 Nd7 7. N2g3 Ngf6 8. Bd3 Nxe4 9. Nxe4 Nf6 10. O-O O-O 11. c3 b6 12. Qf3 Rb8 13. Nxf6+ Bxf6 14. Be4 Qe7 15. Bf4 e5 16. dxe5 Bxe5 17. Bxh7+ Kxh7 18. Qh5+ Kg8 19. Bxe5 f6 20. Bg3 Be6 21. Rfe1 Qf7 22. Qxf7+ Kxf7 23. Bxc7 Rbc8 24. Bf4 Rc4 25. Be3 Rh8 26. Rad1 Rch4 27. h3 g5 28. f3 f5 29. Bxg5 R4h5 30. h4 Rc8 31. Rd6 Bc4 32. Rf6+ Kg7 33. Re7+ Kg8 1-0


[Site "https://www.chess.com"]

[Event "Titled Tuesday Blitz July 4 Late 2023"]
[White "ElenGajger"]
[Black "Francisco Guecamburu, Candela Be"]
[BlackFideId "160911"]
[WhiteElo "2351"]
[BlackElo "2545"]
[Result "1-0"]
[Round "2"]
[TimeControl "180+2"]
[Date "2023.07.04"]
[WhiteClock "0:00:29"]
[BlackClock "0:00:06"]
[Board "132"]

1. e4 c5 2. Nc3 g6 3. d4 cxd4 4. Qxd4 Nf6 5. Nf3 Nc6 6. Qe3 d6 7. b3 Bg7 8. Bb2 O-O 9. O-O-O Ng4 10. Qe1 Qb6 11. Nd5 Bxb2+ 12. Kxb2 Qxf2 13. Qc3 Qc5 14. Qxc5 dxc5 15. Rd2 e6 16. Nc7 Rb8 17. Bb5 Nce5 18. h3 Nxf3 19. gxf3 Nf6 20. Rhd1 a6 21. e5 Nh5 22. Be8 f6 23. Rd3 fxe5 24. Rd8 Nf6 25. a4 Kg7 26. a5 g5 27. Ba4 Rxd8 28. Rxd8 Kf7 29. c4 Ke7 30. Rh8 Kd6 31. Ne8+ Nxe8 32. Rxe8 h6 33. Kc3 Kc7 34. Re7+ Kd6 35. Re8 Kc7 36. Rh8 b6 37. Rh7+ Kd6 38. axb6 Rxb6 39. Rxh6 Bd7 40. Bxd7 Kxd7 41. Rg6 Rb8 42. Rxg5 Rh8 43. Rxe5 Kd6 44. Re3 Rxh3 45. Rd3+ Kc6 46. Re3 Kd6 47. Kd3 e5 48. Ke4 Ke6 49. Kd3 Rh4 50. Re4 Rh3 51. Ke3 Rh1 52. f4 Rh3+ 53. Kd2 Rxb3 54. Rxe5+ Kd6 55. Rd5+ Kc6 56. f5 Rf3 57. Ke2 Rf4 58. Kd3 a5 59. Re5 a4 60. Re6+ Kd7 61. Rf6 a3 62. Kc3 Rf3+ 63. Kc2 Ke7 64. Re6+ Kd7 65. Re5 Kd6 66. Rd5+ Kc6 67. Re5 Kd6 68. Re6+ Kd7 69. Rf6 Ke7 70. Ra6 Rxf5 71. Rxa3 Rf4 72. Kb3 Rf3+ 73. Ka4 Rxa3+ 74. Kxa3 Ke6 75. Ka4 Ke5 76. Ka5 Ke4 77. Kb6 Kd4 78. Kb5 Ke5 79. Kxc5 Ke6 80. Kc6 Ke7 81. Kc7 Ke6 82. c5 Kd5 1-0


[Site "https://www.chess.com"]

[Event "Titled Tuesday Blitz July 4 Late 2023"]
[White "Djabri, Massinas"]
[Black "Sousa, Andre Ventura"]
[WhiteFideId "7905726"]
[BlackFideId "1917617"]
[WhiteElo "2351"]
[BlackElo "2544"]
[Result "0-1"]
[Round "2"]
[TimeControl "180+2"]
[Date "2023.07.04"]
[WhiteClock "0:00:02"]
[BlackClock "0:00:23"]
[Board "133"]

1. d4 Nf6 2. c4 e6 3. Nf3 Bb4+ 4. Bd2 Qe7 5. a3 Bxd2+ 6. Qxd2 d6 7. Nc3 O-O 8. O-O-O e5 9. e3 Nc6 10. Nd5 Nxd5 11. cxd5 Nb8 12. dxe5 dxe5 13. Qc3 e4 14. Nd4 Bg4 15. Be2 Bxe2 16. Nxe2 Nd7 17. Kb1 Ne5 18. Nf4 Rfd8 19. Rd4 Ng4 20. Qc2 Nf6 21. h4 Rd7 22. g4 Rad8 23. g5 Nxd5 24. Rxe4 Qd6 25. Rd4 c6 26. Nxd5 cxd5 27. Rhd1 Qh2 28. Qd2 g6 29. Ka2 Qg2 30. Qc2 Rd6 31. R1d2 Rc6 32. Qb3 Rb6 33. Qc2 Qf3 34. e4 Rbd6 35. exd5 Rxd5 36. R2d3 Qxd3 37. Rxd3 Rxd3 38. Qc7 R3d7 39. Qe5 a6 40. f4 Rd5 41. Qe7 R8d7 42. Qe8+ Kg7 43. Qe3 h6 44. Qc3+ Kh7 45. Qf6 Rf5 46. Qc3 Rxf4 47. gxh6 Rfd4 48. Qc8 f5 49. Qf8 Rxh4 50. Qe8 Rhd4 51. Qf8 f4 52. Kb3 f3 53. Ka2 Rd3 54. Kb1 g5 55. Ka2 g4 56. Qf5+ Kxh6 57. Qf6+ Kh5 58. Qf5+ Kh4 59. Qf4 Kh3 60. Qh6+ Kg2 61. Qf4 g3 62. Qg4 f2 0-1


[Site "https://www.chess.com"]

[Event "Titled Tuesday Blitz July 4 Late 2023"]
[White "Rodriguez, Santiago"]
[Black "Eggleston, Thomas A"]
[WhiteFideId "3000591"]
[BlackFideId "412139"]
[WhiteElo "2539"]
[BlackElo "2349"]
[Result "1-0"]
[Round "2"]
[TimeControl "180+2"]
[Date "2023.07.04"]
[WhiteClock "0:00:11"]
[BlackClock "0:00:00"]
[Board "134"]

1. d4 e6 2. Nf3 f5 3. Bf4 Nf6 4. e3 Be7 5. c4 b6 6. Nc3 Bb7 7. Bd3 Ne4 8. Qc2 Nxc3 9. Qxc3 O-O 10. O-O-O Bf6 11. h4 c5 12. Bd6 Re8 13. Ne5 Nc6 14. dxc5 Rc8 15. Nxc6 Rxc6 16. Be5 Bxe5 17. Qxe5 Rxc5 18. Qd4 Qc7 19. Rhg1 b5 20. g4 bxc4 21. Bc2 Rd5 22. Qc3 Rxd1+ 23. Bxd1 f4 24. Bc2 fxe3 25. Qxe3 e5 26. h5 d5 27. h6 g6 28. Qg5 Qf7 29. Re1 e4 30. f4 d4 31. f5 d3 32. Ba4 Rc8 33. Kd2 c3+ 34. Ke3 d2 35. Rf1 c2 36. fxg6 Qxg6 37. Bb3+ 1-0


[Site "https://www.chess.com"]

[Event "Titled Tuesday Blitz July 4 Late 2023"]
[White "Mazibuko, Khanya"]
[Black "Aggelis, Nikolaos"]
[WhiteFideId "14321041"]
[BlackFideId "4213220"]
[WhiteElo "2349"]
[BlackElo "2534"]
[Result "1-0"]
[Round "2"]
[TimeControl "180+2"]
[Date "2023.07.04"]
[WhiteClock "0:00:14"]
[BlackClock "0:00:03"]
[Board "135"]

1. e4 c6 2. d4 d5 3. e5 c5 4. dxc5 e6 5. a3 Bxc5 6. b4 Bb6 7. Bb2 Ne7 8. Nf3 Ng6 9. Bd3 Nc6 10. O-O O-O 11. Re1 a5 12. b5 Nce7 13. Nbd2 Bd7 14. a4 Re8 15. g3 Qc7 16. h4 Bc5 17. h5 Nf8 18. c4 Rac8 19. Kg2 Red8 20. cxd5 Nxd5 21. Ne4 Bb4 22. Rc1 Qb8 23. Rh1 h6 24. Qe2 Rxc1 25. Bxc1 Nc3 26. Nxc3 Bxc3 27. Qe4 Bb4 28. Qg4 Kh8 29. Qf4 Be8 30. Be4 Qc7 31. g4 b6 32. g5 hxg5 33. Nxg5 f6 34. exf6 Qxf4 35. fxg7+ Kxg7 36. Bxf4 Bd6 37. Be3 Bc5 38. Bxc5 bxc5 39. Rc1 Rd4 40. Bf3 Rxa4 41. Rxc5 Rb4 42. Rc7+ Kh6 43. Nf7+ Bxf7 44. Rxf7 Nh7 45. Be2 a4 46. Ra7 Nf6 47. Ra6 Re4 48. Bf3 Re5 49. b6 Nxh5 50. b7 Rb5 51. Ra5 Rxa5 52. b8=Q Rg5+ 53. Kf1 Nf6 54. Qh8+ Kg6 55. Qa8 Rf5 56. Be4 Nxe4 57. Qxe4 Kf6 58. Qxa4 Rd5 59. Qe4 Rf5 60. Qc6 Rd5 61. Ke2 Rf5 62. Ke3 Re5+ 63. Kd4 Rd5+ 64. Ke4 Re5+ 65. Kf4 Rf5+ 66. Kg3 Rg5+ 67. Kh2 Rh5+ 68. Kg2 Rg5+ 69. Kf1 Re5 70. Qc3 Kf5 71. f3 Rd5 72. Ke2 Kg6 73. Ke3 Rf5 74. Ke4 Kf7 75. Qc7+ Kf6 76. Qh7 Re5+ 77. Kf4 Rf5+ 78. Ke3 Re5+ 79. Kf2 Rf5 80. Qh4+ Kf7 81. f4 e5 82. Qh7+ Ke6 83. Qg6+ Rf6 84. f5+ Ke7 85. Qg7+ Rf7 86. Qxe5+ Kf8 87. Ke3 Kg8 88. Kf4 Rg7 89. Qe6+ Rf7 90. Kg5 Kh8 91. Qe8+ Kg7 92. Qe5+ Kg8 93. f6 Kh7 94. Qf5+ Kh8 95. Qc8+ Kh7 96. Qc2+ Kg8 97. Kg6 Kh8 98. Qh2+ Kg8 99. Qb8+ Rf8 100. f7+ Kh8 101. Qxf8# 1-0


[Site "https://www.chess.com"]

[Event "Titled Tuesday Blitz July 4 Late 2023"]
[White "ArchibaldCerveza29"]
[Black "Zherebtsova, Alexandra"]
[BlackFideId "24129518"]
[WhiteElo "2518"]
[BlackElo "2343"]
[Result "1-0"]
[Round "2"]
[TimeControl "180+2"]
[Date "2023.07.04"]
[WhiteClock "0:01:43"]
[BlackClock "0:00:19"]
[Board "136"]

1. e4 e5 2. Nf3 Nc6 3. Bc4 Nf6 4. O-O Nxe4 5. Nc3 Nxc3 6. dxc3 Be7 7. Qd5 O-O 8. Nxe5 Nxe5 9. Qxe5 c6 10. Re1 Bf6 11. Qg3 d5 12. Bd3 Qb6 13. Rb1 Be6 14. Bf4 c5 15. h4 d4 16. c4 Kh8 17. h5 h6 18. Qf3 Bd7 19. Qe4 g6 20. hxg6 fxg6 21. Qxg6 1-0


[Site "https://www.chess.com"]

[Event "Titled Tuesday Blitz July 4 Late 2023"]
[White "Alahakoon, Isuru"]
[Black "Tan, Ralph"]
[WhiteFideId "9900993"]
[BlackFideId "30966590"]
[WhiteElo "2340"]
[BlackElo "2516"]
[Result "1-0"]
[Round "2"]
[TimeControl "180+2"]
[Date "2023.07.04"]
[WhiteClock "0:00:05"]
[BlackClock "0:00:00"]
[Board "137"]

1. Nf3 Nf6 2. d4 e6 3. Nc3 d5 4. Bg5 Be7 5. Bxf6 Bxf6 6. e4 dxe4 7. Nxe4 O-O 8. Bd3 Nd7 9. Qe2 g6 10. O-O-O c5 11. dxc5 Qa5 12. Nxf6+ Nxf6 13. Qe3 Qxa2 14. c3 Kg7 15. Qe5 Qd5 16. Qd4 a5 17. Bc4 Qf5 18. Ne5 Qe4 19. Rhe1 Qxd4 20. cxd4 a4 21. f4 a3 22. b3 Bd7 23. g4 Bc6 24. g5 Nh5 25. Rf1 Be4 26. Be2 a2 27. Kb2 Bb1 28. Ka1 Rfd8 29. Bxh5 gxh5 30. Nc4 Bc2 31. Rd2 Bxb3 32. Nd6 Bd5 33. f5 Rxd6 34. cxd6 Rd8 35. h4 Rxd6 36. f6+ Kg6 37. Rc1 b5 38. Rc8 b4 39. Rg8+ Kf5 40. Rg7 Rc6 41. Rxa2 b3 42. Rf2+ Ke4 43. Rxf7 Kxd4 44. Kb2 Ra6 45. Rd2+ Kc4 46. Rc7+ Bc6 47. f7 Ra2+ 48. Kc1 Ra1+ 49. Kb2 Ra2+ 50. Kb1 Rxd2 51. f8=Q 1-0


[Site "https://www.chess.com"]

[Event "Titled Tuesday Blitz July 4 Late 2023"]
[White "lagarto93"]
[Black "The_Straightforward_Rook"]
[WhiteElo "2512"]
[BlackElo "2331"]
[Result "1-0"]
[Round "2"]
[TimeControl "180+2"]
[Date "2023.07.04"]
[WhiteClock "0:00:47"]
[BlackClock "0:00:13"]
[Board "138"]

1. d4 d5 2. c4 e6 3. Nc3 Nf6 4. cxd5 exd5 5. Bg5 Nbd7 6. e3 c6 7. Bd3 Be7 8. Nf3 Nh5 9. Bxe7 Qxe7 10. O-O O-O 11. Rb1 a5 12. a3 Nhf6 13. Qc2 g6 14. b4 axb4 15. axb4 Nb6 16. Ne5 Be6 17. b5 c5 18. dxc5 Qxc5 19. Rfc1 Rfc8 20. Qd2 Qd6 21. Nf3 Nc4 22. Bxc4 Rxc4 23. Nd4 Rac8 24. Nce2 Ne4 25. Qb2 Qc7 26. f3 Nc3 27. Nxc3 Rxc3 28. Rxc3 Qxc3 29. Qxc3 Rxc3 30. Kf2 Kf8 31. Ra1 Ke7 32. Ra8 Rc8 33. Ra7 Rc7 34. b6 Rd7 35. Nb5 Bf5 36. g4 Bd3 37. Nc7 Kd6 38. Rxb7 Kc6 39. Rb8 d4 40. exd4 Rxd4 41. Ke3 Rd7 42. Ne8 Ba6 43. Nf6 Re7+ 44. Kf4 h5 45. Ra8 Bb7 46. Ra3 hxg4 47. fxg4 Kxb6 48. h4 Kc5 49. Rd3 Re6 50. Kg5 Be4 51. Rd7 Bc6 52. Rxf7 Kd4 53. Kxg6 Be4+ 54. Kg5 Re5+ 55. Kf4 Bc2 56. Rd7+ 1-0


[Site "https://www.chess.com"]

[Event "Titled Tuesday Blitz July 4 Late 2023"]
[White "Lorenzo De La Riva, Lazaro"]
[Black "Kozelov, Roman"]
[WhiteFideId "2268809"]
[BlackFideId "14133377"]
[WhiteElo "2509"]
[BlackElo "2330"]
[Result "0-1"]
[Round "2"]
[TimeControl "180+2"]
[Date "2023.07.04"]
[WhiteClock "0:00:00"]
[BlackClock "0:00:18"]
[Board "139"]

1. e4 e6 2. d4 d5 3. Nc3 Bb4 4. e5 c5 5. a3 Bxc3+ 6. bxc3 Ne7 7. Qg4 Kf8 8. h4 Qa5 9. Bd2 Qa4 10. Nf3 Nbc6 11. h5 h6 12. Bd3 c4 13. Be2 Qxc2 14. Rc1 Qf5 15. Qg3 Qe4 16. Rh4 Nf5 17. Rxe4 Nxg3 18. Rh4 Nxe2 19. Kxe2 b5 20. Rf4 Ke7 21. Rb1 a6 22. Bc1 Rd8 23. a4 Kf8 24. Nh4 Kg8 25. axb5 axb5 26. Rxb5 Ra2+ 27. Kf3 Rc2 28. Bb2 Ba6 29. Rb6 Nb8 30. g4 Nd7 31. Rxa6 Rxb2 32. Ng2 Rb3 33. Ne3 Rxc3 34. Ke2 Rb3 35. Ra7 Rb2+ 36. Kd1 c3 37. Kc1 Nf8 38. Rfxf7 Rdb8 39. Rxg7+ Kh8 40. Rgf7 Re2 41. g5 hxg5 42. Ng4 c2 43. Rxf8+ Rxf8 44. Nf6 Rxf6 45. exf6 Rxf2 46. f7 Kg7 47. Re7 Rxf7 48. Rxe6 Rf4 49. Kxc2 Rxd4 50. Rg6+ Kf7 51. Rxg5 Ke6 52. Kc3 Rh4 53. Kd3 Kd6 54. Rg6+ Kc5 55. h6 Rh3+ 56. Kd2 Kc4 57. Rc6+ Kd4 58. Ke2 Rh2+ 59. Kf3 Kd3 60. Kg3 Rh1 61. Kg4 d4 62. Kg5 Ke2 63. h7 Rxh7 64. Re6+ Kd2 65. Kf4 Rd7 66. Kf3 d3 67. Rc6 Kd1 68. Ke3 d2 69. Rc3 Ke1 70. Kf3 d1=Q+ 0-1


[Site "https://www.chess.com"]

[Event "Titled Tuesday Blitz July 4 Late 2023"]
[White "Chor, Kevin"]
[Black "Cardozo Munar, Carlos Eduardo"]
[WhiteFideId "2090740"]
[BlackFideId "4409477"]
[WhiteElo "2507"]
[BlackElo "2329"]
[Result "0-1"]
[Round "2"]
[TimeControl "180+2"]
[Date "2023.07.04"]
[WhiteClock "0:02:07"]
[BlackClock "0:02:40"]
[Board "140"]

1. e4 e6 2. d4 d5 3. Nd2 c5 4. exd5 Qxd5 5. Ngf3 cxd4 6. Bc4 Qd7 7. O-O Nc6 8. Nb3 Nf6 9. Nbxd4 Nxd4 10. Nxd4 a6 11. Re1 Qc7 12. Be2 Bd6 13. h3 O-O 14. c4 Rd8 15. Be3 Bh2+ 16. Kh1 e5 0-1


[Site "https://www.chess.com"]

[Event "Titled Tuesday Blitz July 4 Late 2023"]
[White "Ozen, Batuhan"]
[Black "Deng, Henry"]
[WhiteFideId "6345123"]
[BlackFideId "30965454"]
[WhiteElo "2326"]
[BlackElo "2506"]
[Result "1-0"]
[Round "2"]
[TimeControl "180+2"]
[Date "2023.07.04"]
[WhiteClock "0:00:06"]
[BlackClock "0:00:00"]
[Board "141"]

1. c4 c6 2. Nf3 d5 3. g3 Nf6 4. Bg2 dxc4 5. a4 Nbd7 6. Na3 e5 7. Nxc4 e4 8. Ng5 Nc5 9. b4 Qd4 10. Bb2 Qxc4 11. bxc5 Bf5 12. Rc1 Qb4 13. Bc3 Qa3 14. Bxf6 gxf6 15. Nxe4 Bxe4 16. Bxe4 Bxc5 17. O-O O-O-O 18. Qc2 Bb6 19. e3 Kb8 20. d4 Qd6 21. Rb1 h5 22. a5 Bxa5 23. Bxc6 Bb6 24. Bg2 h4 25. Qe4 Rd7 26. Rb5 hxg3 27. hxg3 Qf8 28. Rfb1 Qc8 29. Rf5 Rd6 30. Qf4 Qc7 31. Rxf6 Rxf6 32. Qxf6 Rc8 33. Bh3 Rg8 34. Bg2 Qd7 35. Qe5+ Ka8 36. Qe4 Rc8 37. Qf3 Rd8 38. g4 Rc8 39. g5 Rg8 40. Qf4 Qe7 41. Rb5 Qd7 42. Rf5 Rg7 43. Be4 Qc7 44. Qh4 Rg8 45. Qh7 Qd8 46. f4 Bxd4 47. Qxf7 Bxe3+ 48. Kh2 Rh8+ 49. Kg3 Qc8 50. Bxb7+ Qxb7 51. Qxb7+ Kxb7 52. Re5 Bd4 53. Re4 Bc5 54. f5 Kc6 55. Kg4 Kd5 56. Ra4 Rh1 57. f6 Rg1+ 58. Kf5 Rf1+ 59. Kg6 Rg1 60. f7 Ke6 61. Ra5 Be7 62. Rf5 Kd7 63. f8=Q Bxf8 64. Rxf8 a5 65. Ra8 a4 66. Rxa4 Ke7 67. Rf4 Rb1 68. Rf7+ Ke8 69. Rf6 Rb7 70. Kh6 Rb1 71. g6 Rh1+ 72. Kg7 Ke7 73. Rf2 Rg1 74. Re2+ Kd6 75. Kf7 Rf1+ 76. Kg8 Rg1 77. g7 Rg3 78. Kh7 Rh3+ 79. Kg8 Rg3 80. Re4 Rg1 81. Kh7 Kd5 82. Rh4 1-0


[Site "https://www.chess.com"]

[Event "Titled Tuesday Blitz July 4 Late 2023"]
[White "musclemonster12"]
[Black "kripri"]
[WhiteElo "2506"]
[BlackElo "2323"]
[Result "1-0"]
[Round "2"]
[TimeControl "180+2"]
[Date "2023.07.04"]
[WhiteClock "0:00:12"]
[BlackClock "0:00:10"]
[Board "142"]

1. b3 g6 2. Bb2 Nf6 3. e3 Bg7 4. Nf3 O-O 5. Be2 d5 6. O-O c5 7. c4 Nc6 8. cxd5 Nxd5 9. Bxg7 Kxg7 10. Qc2 Qd6 11. Na3 e5 12. Rac1 b6 13. Bb5 Bb7 14. Nc4 Qc7 15. Bxc6 Qxc6 16. Nfxe5 Qe6 17. f4 Nb4 18. Qb2 f6 19. a3 Qd5 20. Rf2 Nc6 21. Nxc6 Bxc6 22. Qc3 Rad8 23. Nb2 Rfe8 24. Re1 Kf7 25. d3 Re7 26. e4 Qd4 27. Qxd4 Rxd4 28. Rc2 f5 29. Nc4 Kf6 30. Ne5 Bb5 31. exf5 gxf5 32. g3 Bxd3 33. Rd2 Be4 34. Rxd4 cxd4 35. Rd1 Rc7 36. Rxd4 Rc1+ 37. Kf2 Rc2+ 38. Ke1 Rxh2 39. g4 Rb2 40. g5+ Ke6 41. b4 Rb3 42. Nd7 Rxa3 43. Nf8+ Kf7 44. Nxh7 Rf3 45. Rd7+ Kg6 46. Nf8+ Kh5 47. Rh7+ Kg4 48. g6 Kxf4 49. Ne6+ Ke5 50. g7 Rg3 51. Rh8 Kxe6 52. g8=Q+ Rxg8 53. Rxg8 Kd5 54. Rc8 a6 55. Kd2 Kd4 56. Rb8 b5 57. Rc8 Bd5 58. Rf8 Be4 59. Rc8 Bd5 60. Rf8 Be4 61. Rf6 Kc4 62. Rxa6 Kxb4 63. Rf6 Kc4 64. Kc1 b4 65. Kb2 b3 66. Rf8 Bc2 67. Rf7 Kd4 68. Kc1 Ke3 69. Re7+ Kf3 70. Kd2 f4 71. Rb7 Kg2 72. Rg7+ Kf2 73. Rf7 f3 74. Rf4 Kg3 75. Ke3 Bd1 76. Rf5 b2 77. Rg5+ Kh4 78. Rb5 Kg3 79. Rxb2 Be2 80. Rb8 Kg2 81. Rg8+ Kf1 82. Rg7 Bd1 83. Rd7 Be2 84. Rf7 Ke1 85. Rg7 Kf1 86. Rg6 Bd1 87. Rg5 Be2 88. Kd2 f2 89. Rf5 Ba6 90. Ke3 Ke1 91. Rxf2 Kd1 92. Ra2 Ke1 93. Ra5 Be2 94. Ra1+ Bd1 95. Rb1 Kf1 96. Rxd1+ Kg2 97. Rd2+ Kg3 98. Rf2 Kg4 99. Rf3 Kg5 100. Ke4 Kg6 101. Rf5 Kg7 102. Ke5 Kg6 103. Ke6 Kg7 104. Rf6 Kg8 105. Kf5 Kg7 106. Kg5 Kh7 107. Rf7+ Kh8 108. Kg6 Kg8 109. Rf6 Kh8 110. Rf8# 1-0


[Site "https://www.chess.com"]

[Event "Titled Tuesday Blitz July 4 Late 2023"]
[White "Vasques, Antonio Pedro Freixial"]
[Black "Liu, Casper"]
[WhiteFideId "1908332"]
[BlackFideId "1454153"]
[WhiteElo "2323"]
[BlackElo "2504"]
[Result "1-0"]
[Round "2"]
[TimeControl "180+2"]
[Date "2023.07.04"]
[WhiteClock "0:02:33"]
[BlackClock "0:02:34"]
[Board "143"]

1. e4 g5 2. d4 d5 3. exd5 Qxd5 4. Nc3 Qa5 5. Nf3 h6 6. Bc4 Bg7 7. Bd2 c6 8. Qe2 Qc7 9. O-O-O Bg4 10. h3 Bh5 11. g4 Bg6 12. Ne5 Bxe5 13. dxe5 e6 14. h4 gxh4 15. f4 Nd7 16. Rxh4 O-O-O 17. Qf3 Ne7 18. Be3 Kb8 19. Bc5 Nd5 20. Bd6 1-0


[Site "https://www.chess.com"]

[Event "Titled Tuesday Blitz July 4 Late 2023"]
[White "a-z30"]
[Black "Korpics, Zsolt"]
[BlackFideId "705241"]
[WhiteElo "2503"]
[BlackElo "2320"]
[Result "0-1"]
[Round "2"]
[TimeControl "180+2"]
[Date "2023.07.04"]
[WhiteClock "0:00:00"]
[BlackClock "0:00:04"]
[Board "144"]

1. d3 d5 2. Nf3 Nf6 3. g3 Bg4 4. Bg2 Nbd7 5. O-O e5 6. h3 Bh5 7. c4 c6 8. cxd5 cxd5 9. Nc3 Bd6 10. Bg5 Nb6 11. e4 dxe4 12. Nxe4 Be7 13. g4 Nxe4 14. Bxe7 Qxe7 15. gxh5 Nf6 16. Nxe5 O-O 17. Re1 Rad8 18. Ng6 Qc5 19. Nxf8 Kxf8 20. h6 gxh6 21. Re3 Nbd5 22. Rf3 Kg7 23. Rc1 Qd4 24. Qd2 h5 25. Rc4 Qe5 26. Rg3+ Kh8 27. Rg5 Qd6 28. Rd4 Qc5 29. Rc4 Qd6 30. Qd1 Nb6 0-1


[Site "https://www.chess.com"]

[Event "Titled Tuesday Blitz July 4 Late 2023"]
[White "Zeltsan, Joseph"]
[Black "Rodriguez Santiago, Jaime"]
[WhiteFideId "30932980"]
[BlackFideId "3100898"]
[WhiteElo "2501"]
[BlackElo "2316"]
[Result "1-0"]
[Round "2"]
[TimeControl "180+2"]
[Date "2023.07.04"]
[WhiteClock "0:01:45"]
[BlackClock "0:00:42"]
[Board "145"]

1. e4 c6 2. d4 d5 3. f3 dxe4 4. fxe4 e5 5. Nf3 Bg4 6. c3 Nd7 7. Be2 Ngf6 8. O-O Bxf3 9. Bxf3 Bd6 10. Nd2 O-O 11. Nc4 Bc7 12. Kh1 Qe7 13. Bg5 b5 14. Ne3 exd4 15. cxd4 h6 16. Nf5 Qb4 17. Bxf6 Nxf6 18. e5 Nh7 19. Bxc6 Rad8 20. Qg4 Bxe5 21. Nxh6+ Kh8 22. Nxf7+ Rxf7 23. Rxf7 Qxd4 24. Qxd4 Bxd4 25. Rd7 Rxd7 26. Bxd7 b4 27. Rc1 Nf6 28. Bf5 Kg8 29. Rc4 Bxb2 30. Rxb4 Be5 31. Bg6 Kf8 32. Rb7 1-0


[Site "https://www.chess.com"]